 Dungeon Crawl Stone Soup version 0.31.0-10-gcf4a605ca0 (webtiles) character file.

Game seed: 10048520130274933763

55 DeltaZero the Poker (level 3, -4/3 HPs)
             Began as an Oni Gladiator on Jan 24, 2024.
             Slain by a kobold
             ... wielding a +0 whip
              (5 damage)
             ... on level 2 of the Dungeon on Jan 25, 2024.
             The game lasted 00:14:24 (1438 turns).

DeltaZero the Poker (Oni Gladiator)                 Turns: 1438, Time: 00:14:25

Health: -4/3       AC:  1    Str: 20    XL:     3   Next: 93%
Magic:  3/3        EV: 10    Int:  9    God:
Gold:   68         SH:  5    Dex: 10    Spells: 2/2 levels left

rFire   . . .        a - +0 trident
rCold   . . .        (no shield)
rNeg    . . .        b - melded +0 robe
rPois   .            c - +0 hat
rElec   .            (no cloak)
rCorr   .            (gloves unavailable)
SInv    .            (boots unavailable)
Will    .....        e - amulet of reflection
Stlth   +            (no ring)
HPRegen 0.20/turn    (no ring)
MPRegen 0.08/turn

%: reflection
@: maw-form
A: devouring maw, reduced hp, large, unfitting armour, horns 1, tough skin 1,
double potion healing, drunken brawling
a: Begin Untransformation


You were on level 2 of the Dungeon.
You were a creature with a mouth for a stomach.
You visited 1 branch of the dungeon, and saw 2 of its levels.

You collected 68 gold pieces.

Inventory:

Hand Weapons
 a - a +0 trident (weapon)
Missiles
 f - 21 stones
 h - 2 poisoned darts
 j - a large rock (quivered)
 l - 2 boomerangs
Armour
 b - a +0 robe (melded)
 c - a +0 hat (worn)
Jewellery
 e - an amulet of reflection (around neck)
Talismans
 k - a maw talisman (active)
Scrolls
 g - 3 scrolls of identify {unknown}
 i - a scroll of vulnerability {unknown}
Potions
 d - a potion of heal wounds {unknown}


   Skills:
 + Level 3.0 Fighting
 + Level 3.7 Polearms
 + Level 2.3 Throwing
 + Level 3.2 Dodging
 + Level 0.3 Stealth


You had 2 spell levels left.
You didn't know any spells.
Your spell library contained the following spells:

 Spells                   Type           Power      Damage    Failure   Level
 Magic Dart               Conj           0%         1d3       38%         1
 Searing Ray              Conj           0%         2d4       52%         2
 Fulminant Prism          Conj/Alch      0%         3d5       99%         4


Dungeon Overview and Level Annotations

Branches:
Dungeon (2/15)

Altars:


Innate Abilities, Weirdness & Mutations

You are a creature with a mouth for a stomach.
Your midsection houses a second, enormous mouth.
Your maximum health is decreased, since you lack skill for your form.
You are too large for most types of armour.
You have a pair of small horns on your head.
You have tough skin. (AC +1)
You gain doubled healing and magic from potions.
Whenever you drink a healing potion, you attack all around you.


Message History

The ball python hisses angrily.
You see here a scroll labelled GISTAR IL HUP.
You barely miss the ball python. Your bite misses the ball python.
The ball python misses you.
You puncture the ball python!
You devour the ball python!
You feel better.
You kill the ball python!
g - 3 scrolls labelled GISTAR IL HUP (gained 1)
You see here 2 boomerangs.
l - 2 boomerangs A ribbon worm comes into view.
You hit the ribbon worm.
You bite the ribbon worm, but do no damage.
The ribbon worm is lightly wounded.
You puncture the ribbon worm! You bite the ribbon worm.
The ribbon worm is almost dead.
The ribbon worm expels a string of sticky webbing.
The stream of webbing hits you but does no damage.
You are caught in a web!
The web tears apart.
You block the ribbon worm's attack.
You puncture the ribbon worm!
You devour the ribbon worm!
You feel better.
You kill the ribbon worm!
A kobold comes into view. It is wielding a +0 whip.
The kobold shouts!
The kobold throws a stone.
The stone hits you.
The kobold throws a stone.
You block the stone with an invisible shield... and reflect it back!
The stone hits the kobold.
The kobold throws a stone.
The stone closely misses you.
The kobold throws a stone.
The stone hits you but does no damage. You block the kobold's attack.
You hit the kobold but do no damage. Your bite misses the kobold.
The kobold is moderately wounded.
The kobold hits you with a +0 whip.
Ouch! That really hurt!
You completely miss the kobold. Your headbutt misses the kobold.
Your bite misses the kobold.
The kobold is moderately wounded.
The kobold hits you with a +0 whip.
Ouch! That really hurt!
You die...

##### #...# #.#.# #
#.#.########.#
#########.#..........#
........#.#..........#
#######.#.#.....WK...#
#.#.#.########.#
#######.#.#.........
.........)..........
#######.#...........
#.############ #..
####


You could see a kobold.

Vanquished Creatures
  A dart slug (D:2)
  2 ribbon worms (D:2)
  5 ball pythons
  2 endoplasms
  4 giant cockroaches
  5 goblins
  8 hobgoblins
  4 jackals (D:2)
  2 quokkas
  2 bats (D:1)
  3 frilled lizards
  2 kobolds
  3 rats (D:1)
43 creatures vanquished.

Notes
Turn   | Place    | Note
-------+----------+-------------------------------------------
     0 | D:1      | DeltaZero the Oni Gladiator began the quest for the Orb.
     0 | D:1      | Reached XP level 1. HP: 22/22 MP: 1/1
   168 | D:1      | Reached XP level 2. HP: 29/29 MP: 2/2
   489 | D:1      | Reached XP level 3. HP: 37/37 MP: 3/3
   489 | D:1      | Upgraded the game from 0.31.0-9-g3a7656b989 to
                  | 0.31.0-10-gcf4a605ca0
  1438 | D:2      | Slain by a kobold

Illustrated notes

Levels and vault maps discovered:
D:1:      lemuel_arrival_hallway, layout_loops_ring, serial_glass,
          glass_columns_a, glass_columns_a
D:2:      layout_basic

Skill      XL: |  1  2 |
---------------+-------+-----
Dodging        | 3 |  3.2
Fighting       | 3 |  3.0
Polearms       | |  3.7
Throwing       | |  2.3
Stealth        | |  0.3

Action                     || total
---------------------------++-------
  Melee: Trident           ||   105
         Headbutt          ||    11
         Maw               ||     2
  Throw: Large rock        ||    10
         Throwing net      ||     6
         Stone             ||     3
   Stab: Held in net/web   ||     1
 Armour: Robe              ||    54
         Skin              ||     5
  Dodge: Dodged            ||    70
  Block: Other             ||     3
         Reflection        ||     1
   Form: Maw               ||     1
